 Dungeon Crawl Stone Soup version 0.28-b1-70-g80dc712255 (webtiles) character file.

Game seed: 15084345924353085650

32 joshe the Conjurer (level 2, -1/20 HPs)
             Began as a Demigod Conjurer on Feb 4, 2022.
             Slain by Sigmund (11 damage)
             ... on level 2 of the Dungeon.
             The game lasted 00:05:41 (1273 turns).

joshe the Conjurer (Demigod Conjurer)               Turns: 1273, Time: 00:05:42

Health: -1/20      AC:  2    Str:  8    XL:     2   Next: 96%
Magic:  4/7        EV: 12    Int: 20    God:
Gold:   49         SH:  0    Dex: 12    Spells: 2/5 levels left

rFire   . . .      SeeInvis .   d - +3 dagger (venom)
rCold   . . .      Faith    .   (no shield)
rNeg    . . .      Spirit   .   a - +0 robe
rPois   .          Reflect  .   (no helmet)
rElec   .          Harm     .   (no cloak)
rCorr   +          Rampage  .   (no gloves)
Will    .....                   (no boots)
Stlth   ++........              (no amulet)
HPRegen 0.06/turn               e - ring of resist corrosion
MPRegen 0.10/turn               g - ring of wizardry

@: on berserk cooldown, slowed, very slow
A: high MP 1, forlorn, divine attributes
a: no special abilities


You were on level 2 of the Dungeon.
You visited 1 branch of the dungeon, and saw 2 of its levels.

You collected 49 gold pieces.

Inventory:

Hand Weapons
 d - a +3 dagger of venom (weapon)
Armour
 a - a +0 robe (worn)
Jewellery
 e - a ring of resist corrosion (left hand)
 g - a ring of wizardry (right hand)
 h - a ring of positive energy
Scrolls
 c - 2 scrolls of identify {unknown}
 i - a scroll of noise {unknown}
Potions
 f - a potion of might {unknown}


   Skills:
 - Level 2.0 Dodging
 - Level 2.0 Stealth
 - Level 2.0 Spellcasting
 + Level 4.3 Conjurations


You had 2 spell levels left.
You knew the following spells:

 Your Spells              Type           Power      Damage    Failure   Level
a - Magic Dart            Conj           76%        1d6       1%          1
b - Searing Ray           Conj           38%        2d5       1%          2

Your spell library contained the following spells:

 Spells                   Type           Power      Damage    Failure   Level
 Slow                     Hex            8%         N/A       6%          1
 Dazzling Flash           Conj/Hex       20%        N/A       8%          3
 Fulminant Prism          Conj/Hex       5%         3d7       26%         4
 Iskenderun's Mystic Bla  Conj/Tloc      10%        2d4       26%         4


Dungeon Overview and Level Annotations

Branches:
Dungeon (2/15)

Annotations:
D:2 Sigmund


Innate Abilities, Weirdness & Mutations

You have an increased reservoir of magic. (+10% MP)
You shall have no god before yourself.
Your divine heritage dramatically boosts your attributes as you level up.


Message History

Casting: Magic Dart (safe; 1% risk of failure)
Confirm with . or Enter, or press ? or * to list all spells.
Okay, then.
The magic dart hits Sigmund.
Sigmund is lightly wounded.
Sigmund shouts!
Casting: Magic Dart (safe; 1% risk of failure)
Confirm with . or Enter, or press ? or * to list all spells.
Aiming: Searing Ray (safe; 1% risk of failure)
Press: ? - help, Shift-Dir - straight line, f/p - Sigmund
Aim: Sigmund, wielding a +0 scythe and wearing a +0 robe (lightly wounded, 75% to hit)
The searing ray hits Sigmund!
Sigmund is moderately wounded. (Press . to maintain the ray.)
The searing ray hits Sigmund.
Sigmund is heavily wounded.
Sigmund casts a spell at you.
You are confused.
It was a potion of berserk rage.
A red film seems to cover your vision as you go berserk!
You feel yourself moving faster!
You feel mighty!
You are too berserk!
You feel a strong urge to attack something.
Sigmund gestures wildly while chanting.
Sigmund flickers and vanishes!
Deactivating autopickup; reactivate with Ctrl-A.
You see here a frilled lizard skeleton.
You bump into the rock wall.
You feel your anger nearly subside. Something hits you!
You are no longer berserk.
You are exhausted.
You feel yourself slow down. Something hits you.
You feel less confused. Something barely misses you.
Something barely misses you. Something hits you!
Ouch! That really hurt!
You die...

....# #####.# ....#
#.....# ....# #.#####
...†########.#
.>..'........##### ##
....########.....# .
#'### #..##.#.#
..###########.##.#.##
#...............@...#
##############.#.#..#
########.÷.####
#.............#
#.#####....#### #...#
#....# ###.# #....#
#.# #....##.# #.#
#.......#


There were no monsters in sight!

Vanquished Creatures
  2 dart slugs (D:1)
  A ball python (D:2)
  2 bats (D:1)
  4 endoplasms (D:1)
  2 giant cockroaches (D:1)
  A goblin (D:2)
  2 hobgoblins (D:1)
  2 quokkas
  6 frilled lizards
  4 kobolds
  2 rats (D:1)
28 creatures vanquished.

Notes
Turn   | Place    | Note
-------+----------+-------------------------------------------
     0 | D:1      | joshe the Demigod Conjurer began the quest for the Orb.
     0 | D:1      | Reached XP level 1. HP: 14/14 MP: 5/5
   354 | D:1      | Reached XP level 2. HP: 20/20 MP: 4/7
   357 | D:1      | Learned a level 2 spell: Searing Ray
   484 | D:1      | Got Plato's Papyrus of Beguiling
   490 | D:1      | Reached skill level 4 in Conjurations
  1033 | D:2      | Noticed Sigmund
  1273 | D:2      | Slain by Sigmund

Illustrated notes

Levels and vault maps discovered:
D:1:      nzn_arrival_water_spiral, layout_basic,
          shapermc_ecumenical_altar_rom_forum
D:2:      minmay_angry_zag, layout_basic, grunt_decor_junction,
          minmay_misc_feat_tiny, chequers_serial_rivers_large_b, uniq_sigmund

Skill      XL: |  1  2 |
---------------+-------+-----
Dodging        | 2 |  2.0
Stealth        | 2 |  2.0
Spellcasting   | 2 |  2.0
Conjurations   | 4 |  4.3

Action                   || total
-------------------------++-------
Melee: Dagger            ||     7
 Cast: Magic Dart        ||    49
       Searing Ray       ||     1
  Use: Potion            ||     1
Armor: Robe              ||     3
Dodge: Dodged            ||     9
